 Dungeon Crawl Stone Soup version 0.21.0-3-g78d12a8 (webtiles) character file.

172 mopl the Slasher (level 5, 0/30 HPs)
             Began as a Tengu Skald on Jan 9, 2018.
             Was an Initiate of Okawaru.
             Slain by an orc
             ... wielding a +0 mace
              (4 damage)
             ... on level 3 of the Dungeon.
             The game lasted 00:03:49 (2514 turns).

mopl the Slasher (Tengu Skald)                      Turns: 2514, Time: 00:03:50

Health: 0/30       AC:  3    Str: 12    XL:     5   Next: 53%
Magic:  9/9        EV: 11    Int: 13    God:    Okawaru [......]
Gold:   89         SH:  7    Dex: 14    Spells: 3/8 levels left

rFire    . . .     SeeInvis .   a - +0 falchion
rCold    . . .     Gourm    .   n - +0 shield
rNeg     . . .     Faith    .   b - +0 leather armour
rPois    .         Spirit   .   (helmet restricted)
rElec    .         Reflect  .   (no cloak)
rCorr    .         Harm     .   (no gloves)
MR       .....                  (boots unavailable)
Stlth    +.........             (no amulet)
HPRegen  0.10/turn              (no ring)
MPRegen  0.11/turn              (no ring)

@: flying quickly and evasively, quick
A: beak, talons 3, able to fly 1
a: Renounce Religion


You were on level 3 of the Dungeon.
You worshipped Okawaru.
Okawaru was noncommittal.
You were hungry.

You visited 1 branch of the dungeon, and saw 4 of its levels.

You collected 89 gold pieces.

Inventory:

Hand Weapons
 a - a +0 falchion (weapon)
Missiles
 j - 9 poisoned needles
Armour
 b - a +0 leather armour (worn)
 n - a +0 shield (worn)
Scrolls
 f - 2 scrolls of fear
 i - 2 scrolls of magic mapping {unknown}
 k - 2 scrolls of identify {unknown}
 l - a scroll of immolation {unknown}
Potions
 e - 2 potions of flight
 g - a potion of might {unknown}
 h - a potion of curing {unknown}
 m - a potion of degeneration {unknown}
Books
 c - a book of Battle

   Spells                             Type                      Level
   a - Infusion                       Charms                       1
   b - Shroud of Golubria             Charms/Translocation         2
   c - Song of Slaying                Charms                       2
   d - Spectral Weapon                Hexes/Charms                 3
   e - Regeneration                   Charms/Necromancy            3
Comestibles
 d - 5 rations
 o - a chunk of flesh


   Skills:
 - Level 2.0 Fighting
 * Level 6.1 Long Blades
 - Level 1.1 Armour
 - Level 2.1 Dodging
 - Level 2.0 Spellcasting
 - Level 2.4 Charms


You had 3 spell levels left.
You knew the following spells:

 Your Spells              Type           Power        Failure   Level  Hunger
a - Infusion              Chrm           #...         63%         1    ##.....
b - Song of Slaying       Chrm           #.......     77%         2    ###....
f - Shroud of Golubria    Chrm/Tloc      #.........   91%         2    ###....


Dungeon Overview and Level Annotations

Branches:
Dungeon (4/15)
 Temple: D:4-7

Altars:
Okawaru
Ru

Annotations:
D:3 Grinder


Innate Abilities, Weirdness & Mutations

You have a beak for a mouth.
You have claws for feet.
You can fly.


Message History

The adder barely misses you. You block the orc's attack.
You hit the adder.
The adder is heavily wounded.
The adder barely misses you.
You miss the adder. You claw the adder.
You kill the adder!
Okawaru accepts your kill. You block the orc's attack.
You see here a jackal corpse.
There is a stone staircase leading up here.
You block the orc's attack.
You fly upwards.
Level annotation: Grinder
There is a stone staircase leading down here.
Unknown command.
You barely miss the orc.
Grinder blinks!
The orc hits you with a mace.
* * * LOW HITPOINT WARNING * * *
You closely miss the orc. Your kick misses the orc. Your peck misses the orc.
The orc hits you with a mace.
You die...

#......# #......... #
#......# #......... .
+......# #......... #
#......# #......... #
#......# #......... #
#......# #.........
####.....ยง#####.........
............5...@.......
#####..####.###.o.......
# ##..####+#..........# #
#...................# #
#...................# #
#...................# #
#...................# #
#..........########## #
##.##)##+###


You could see Grinder and an orc.

Vanquished Creatures
  A hound (D:4)
  A centaur skeleton (D:4)
  3 adders
  2 oozes
  2 worms (D:3)
  2 dart slugs (D:1)
  2 leopard geckos (D:1)
  3 orcs
  3 giant cockroaches
  8 hobgoblins
  7 jackals
  7 ball pythons
  2 bats
  4 frilled lizards
  4 goblins
  3 kobolds
  12 rats
66 creatures vanquished.

Notes
Turn   | Place    | Note
-------+----------+-------------------------------------------
     0 | D:1      | mopl the Tengu Skald began the quest for the Orb.
     0 | D:1      | Reached XP level 1. HP: 12/12 MP: 4/4
    59 | D:1      | Reached XP level 2. HP: 17/17 MP: 6/6
    63 | D:1      | Learned a level 2 spell: Song of Slaying
    66 | D:1      | Learned a level 2 spell: Shroud of Golubria
    78 | D:1      | Reached skill level 3 in Long Blades
   508 | D:1      | Reached XP level 3. HP: 18/21 MP: 7/7
   547 | D:1      | Reached skill level 4 in Long Blades
   865 | D:2      | HP: 1/21 [poisoned by an adder]
  1218 | D:2      | Reached XP level 4. HP: 22/26 MP: 4/8
  1493 | D:2      | Found an iron altar of Okawaru.
  1498 | D:2      | Became a worshipper of Warmaster Okawaru
  1506 | D:2      | Reached skill level 5 in Long Blades
  2033 | D:3      | Found a sacrificial altar of Ru.
  2442 | D:3      | Noticed Grinder
  2471 | D:4      | Noticed an ogre
  2487 | D:4      | Gained mutation: You can fly. [Tengu growth]
  2487 | D:4      | Reached XP level 5. HP: 12/30 MP: 9/9
  2500 | D:4      | Reached skill level 6 in Long Blades
  2514 | D:3      | Slain by an orc

Skill      XL: |  1  2  3  4  5 |
---------------+----------------+-----
Long Blades    | 3 4 5 6 |  6.1
Fighting       | |  2.0
Armour         | |  1.1
Dodging        | |  2.1
Spellcasting   | |  2.0
Charms         | |  2.4

Action                   |  1- 3 |  4- 6 || total
-------------------------+-------+-------++-------
Melee: Falchion          |    76 |    75 ||   151
       Kick              |    19 |    24 ||    43
       Peck              |     7 |    14 ||    21
 Cast: Infusion          |     4 |     1 ||     5
       Song of Slaying   |     1 |       ||     1
 Abil: Fly               |       |     1 ||     1
  Use: Potion            |     1 |       ||     1
       Scroll            |       |     1 ||     1
 Stab: Sleeping          |     1 |     1 ||     2
  Eat: Chunk             |     1 |     4 ||     5
Armor: Leather armour    |    12 |    18 ||    30
Dodge: Dodged            |    57 |    26 ||    83
Block: Shield            |       |    16 ||    16
       Rpst.: Falchion   |    13 |     7 ||    20
